 Dungeon Crawl Stone Soup version 0.31-a0-875-g02e7d12df6 (webtiles) character file.

Game seed: 18154328142187608525

1326 LeprechaunX the Changeling (level 8, -9/54 HPs)
             Began as an Octopode Shapeshifter on Oct 12, 2023.
             Was an Initiate of Hepliaklqana.
             Mangled by a gnoll sergeant
             ... wielding a +4 trident of flaming
              (21 damage)
             ... on level 6 of the Dungeon.
             The game lasted 00:07:52 (4920 turns).

LeprechaunX the Changeling (Octopode Shapeshifter)  Turns: 4920, Time: 00:07:53

Health: -9/54      AC:  1    Str: 15    XL:     8   Next: 60%
Magic:  8/8        EV: 19    Int: 12    God:    Hepliaklqana [......]
Gold:   394        SH:  0    Dex: 12    Spells: 7/7 levels left

rFire   . .          .
                       - Unarmed
rCold   . . .        (no shield)
rNeg    . . .        (helmet currently unavailable)
rPois   .            (no amulet)
rElec   .            f - ring of see invisible
rCorr   .            k - +5 ring of evasion
SInv    +            (no ring)
Will    .....        (no ring)
Stlth   ++           (no ring)
HPRegen 0.29/turn    (no ring)
MPRegen 0.11/turn    (no ring)
                     (no ring)

%: no passive effects
@: beast-form
A: beast (slay +3), almost no armour, amphibious, 8 rings, camouflage 1,
gelatinous body 1, (nimble swimmer 1), tentacles
a: Begin Untransformation, Renounce Religion


You were on level 6 of the Dungeon.
You worshipped Hepliaklqana.
Hepliaklqana was noncommittal.
You were a hulking beast.
You visited 1 branch of the dungeon, and saw 6 of its levels.
You also visited: Ossuary.

You collected 394 gold pieces.

Inventory:

Hand Weapons
 y - a +0 sling
Missiles
 e - 8 boomerangs (quivered)
 G - 6 atropa-tipped darts
Jewellery
 f - a ring of see invisible (left tentacle)
 k - a +5 ring of evasion (right tentacle)
Talismans
 b - a beast talisman (active)
 c - a flux talisman
Wands
 n - a wand of mindburst (15)
 u - a wand of polymorph (7)
 v - a wand of roots (5)
Scrolls
 d - a scroll of butterflies {unknown}
 g - 2 scrolls of enchant armour {unknown}
 h - 5 scrolls of teleportation {unknown}
 i - 3 scrolls of fog {unknown}
 m - a scroll of acquirement {unknown}
 p - 2 scrolls of poison {unknown}
 t - a scroll of amnesia {unknown}
 w - a scroll of noise {unknown}
 B - 3 scrolls of vulnerability {unknown}
 C - a scroll of fear {unknown}
 D - a scroll of immolation {unknown}
 E - 2 scrolls of revelation {unknown}
 F - a scroll of identify {unknown}
Potions
 a - a potion of lignification
 j - 2 potions of cancellation {unknown}
 l - a potion of might {unknown}
 o - 4 potions of heal wounds {unknown}
 q - a potion of mutation {unknown}
 r - 6 potions of curing {unknown}
 s - 3 potions of invisibility {unknown}
 x - 2 potions of berserk rage {unknown}
 z - a potion of brilliance {unknown}
 A - a potion of haste {unknown}


   Skills:
 + Level 4.3 Fighting
 + Level 4.8 Dodging
 + Level 5.3 Unarmed Combat
 + Level 2.3 Evocations
 * Level 6.5 Shapeshifting


You had 7 spell levels left.
You didn't know any spells.
Your spell library contained the following spells:

 Spells                   Type           Power      Damage    Failure   Level
 Sandblast                Erth           0%         2d4       32%         1
 Passwall                 Tmut/Erth      0%         N/A       45%         2
 Gell's Gravitas          Tloc           0%         N/A       69%         3
 Stone Arrow              Conj/Erth      0%         3d7       69%         3
 Teleport Other           Tloc           0%         N/A       69%         3
 Brom's Barrelling Bould  Conj/Erth      0%         2d3       97%         4
 Dispersal                Tloc           0%         N/A       100%        6


Dungeon Overview and Level Annotations

Branches:
Dungeon (6/15)            Ossuary (visited)
 Temple: D:4-7

Altars:
Ashenzari
Hepliaklqana
Makhleb
Nemelex Xobeh
Qazlal
Xom

Shops:
D:4 (


Innate Abilities, Weirdness & Mutations

You are a hulking beast.
Your limbs bulge with bestial killing power. (Slay +3)
You cannot wear most types of armour.
You are amphibious.
You can wear up to eight rings at the same time.
Your skin changes colour to match your surroundings (Stealth+).
Your rubbery body absorbs attacks. (AC +1, EV +1)
((You are camouflaged when in or above water. (Stealth+)))
You have tentacles for arms and can constrict up to eight enemies at once.


Message History

You open the door.
A gnoll sergeant, a shadow imp, an adder, a yak and an ogre come into view.
The gnoll sergeant is wielding a +4 trident of flaming.
Found 14 gold pieces.
There are monsters nearby!
There are monsters nearby!
There are monsters nearby!
Unknown command.
You tentacle-slap the ogre. You squeeze the ogre.
The ogre is moderately wounded.
The shadow imp shouts!
The gnoll sergeant shouts!
The adder hisses angrily.
The ogre hits you with a +0 giant club!!
You tentacle-slap the ogre but do no damage.
The ogre is moderately wounded.
The ogre closely misses you.
You bludgeon the ogre! You squeeze the ogre.
The ogre is almost dead.
You tentacle-slap the ogre.
You kill the ogre!
The gnoll sergeant barely misses you.
The gnoll sergeant attacks as it pursues you!
The gnoll sergeant barely misses you.
The gnoll sergeant attacks as it pursues you!
The gnoll sergeant closely misses you.
The gnoll sergeant attacks as it pursues you!
The gnoll sergeant barely misses you.
The gnoll sergeant attacks as it pursues you!
The gnoll sergeant barely misses you.
You see here a +0 club.
The gnoll sergeant attacks as it pursues you!
The gnoll sergeant hits you from afar with a +4 trident of flaming!
The gnoll sergeant burns you.
The gnoll sergeant attacks as it pursues you!
The gnoll sergeant hits you from afar with a +4 trident of flaming!
* * * LOW HITPOINT WARNING * * *
The gnoll sergeant burns you.
* * * LOW HITPOINT WARNING * * *
The gnoll sergeant attacks as it pursues you!
The gnoll sergeant hits you from afar with a +4 trident of flaming!!
You die...

..# #.#.# #.......#
#.##### #.#.##
###.#..## ......#
#.#..# #.>...#
..##....# #.##.#
###.#.+ #....##.. #
#.## #...# ###..### #.
#..# ##.#. .##....#
#.###.# #.#. .#..<.##
#..#.# #... #'.####
#h#.# #.## .#.#
#...### #.## .#.#
#Yg...# #.5. .#.#
#.....# #.## .+.#
#..5..###### #Y# .###
#.#.#......## #.# .#
#.#..#####..# #.## .#
####..#รท######.###..#
#+
#.......)Y.5.........


You could see a yak, a gnoll sergeant and a shadow imp.

Vanquished Creatures
  A sky beast (D:4)
  4 ice beasts
  2 ogres
  A phantom (D:5)
  An elf zombie (Ossuary)
  A scorpion (D:6)
  A human zombie (Ossuary)
  2 hounds
  2 iguanas
  Natasha (thrice) (D:2)
  An orc wizard (D:6)
  A sleepcap (D:4)
  A hound zombie (Ossuary)
  4 mummies (Ossuary)
  4 gnolls (D:5)
  2 adders
  3 adder zombies (Ossuary)
  A worm zombie (D:5)
  10 orcs
  7 ball pythons
  9 endoplasms
  2 giant cockroaches
  6 hobgoblins
  4 jackals (D:5)
  10 kobolds
  2 quokkas (D:3)
  11 bats
  4 frilled lizards
  8 goblins
  3 goblin zombies (Ossuary)
  A jackal zombie (D:5)
  2 kobold zombies
  An orc zombie (Ossuary)
  2 rats
  A rat zombie (Ossuary)
118 creatures vanquished.

Notes
Turn   | Place    | Note
-------+----------+-------------------------------------------
     0 | D:1      | LeprechaunX the Octopode Shapeshifter began the quest for
                  | the Orb.
     0 | D:1      | Reached XP level 1. HP: 13/13 MP: 1/1
    98 | D:1      | Reached XP level 2. HP: 18/18 MP: 2/2
   856 | D:2      | Found a broken altar of Ashenzari.
   864 | D:2      | Noticed Natasha
   870 | D:2      | Killed Natasha
   871 | D:2      | Reached XP level 3. HP: 24/24 MP: 3/3
   891 | D:2      | Reached XP level 4. HP: 29/29 MP: 4/4
   957 | D:2      | Noticed Natasha
   961 | D:2      | Killed Natasha
  1547 | D:2      | Noticed Natasha
  1551 | D:2      | Killed Natasha
  1552 | D:2      | Reached skill level 4 in Shapeshifting
  1552 | D:2      | Reached XP level 5. HP: 32/34 MP: 5/5
  2047 | D:3      | Found a stormy altar of Qazlal.
  2311 | D:4      | Identified the +1 great mace of Zillin {freeze, Drain rC++
                  | Int+4}
  2377 | D:4      | Found a burning altar of Makhleb.
  2423 | D:4      | Reached XP level 6. HP: 9/41 MP: 6/6
  2911 | D:4      | Noticed a sky beast
  2915 | D:4      | Killed a sky beast
  3050 | D:4      | Found Kynel's Weapon Emporium.
  3127 | D:5      | Entered Level 5 of the Dungeon
  3128 | D:5      | Found a shimmering altar of Xom.
  3197 | D:5      | Reached skill level 5 in Shapeshifting
  3197 | D:5      | Reached XP level 7. HP: 19/46 MP: 7/7
  3276 | D:5      | Found a sand-covered staircase.
  3313 | Ossuary  | Entered an ossuary
  4053 | D:5      | Reached skill level 1 in Evocations
  4053 | D:5      | Reached XP level 8. HP: 54/54 MP: 8/8
  4353 | D:6      | Found a sparkling altar of Nemelex Xobeh.
  4407 | D:6      | Reached skill level 5 in Unarmed Combat
  4407 | D:6      | Reached skill level 6 in Shapeshifting
  4752 | D:6      | Found a hazy altar of Hepliaklqana.
  4774 | D:6      | Became a worshipper of Hepliaklqana the Forgotten
  4882 | D:6      | Noticed a yak
  4920 | D:6      | Mangled by a gnoll sergeant

Illustrated notes

Levels and vault maps discovered:
D:1:      elethiomel_arrival_infinity_welcomes_careful_drivers, layout_basic
D:2:      layout_basic, basic_altar, uniq_natasha
D:3:      layout_basic, nicolae_qazlal_scattered_showers
D:4:      layout_basic, bloody_makhleb, serial_shops,
          nicolae_shop_bloodbath_and_beyond, minmay_tree_intersection,
          grunt_ministairs_14
D:5:      layout_loops_ring, overflow_temple_1_default, enter_ossuary_3,
          kennysheep_generic_room_15
D:6:      cheibrodos_barr_body, layout_rooms,
          mainiacjoe_overflow_six_doors_small, fedhas_altar_decomposition,
          mainiacjoe_overflow_24_doors, kennysheep_mini_moat

Skill      XL: |  1  2  3  4  5  6  7  8 |
---------------+-------------------------+-----
Fighting       | 2 3 4 |  4.3
Shapeshifting  | 4 5 6 |  6.5
Dodging        | 3 4 |  4.8
Unarmed Combat | 4 5 |  5.3
Evocations     | 1 2 |  2.3

Action                     |  1- 3 |  4- 6 |  7- 9 || total
---------------------------+-------+-------+-------++-------
  Melee: Unarmed           |    36 |   102 |   134 ||   272
         Constrict         |     8 |    21 |    28 ||    57
         Tentacles         |     7 |    21 |    33 ||    61
         Punch             |     2 |     3 |     1 ||     6
  Throw: Boomerang         |       |       |    18 ||    18
  Evoke: Wand              |       |       |     2 ||     2
   Stab: Sleeping          |    10 |    11 |     1 ||    22
 Armour: Skin              |    10 |    46 |    34 ||    90
  Dodge: Dodged            |    18 |    34 |    77 ||   129

Table legend: (Time is in decaauts)
 A = Elapsed time spent in this place.
 B = Non-inter-level travel time spent in this place.
 C = Inter-level travel time spent in this place.
 D = Time resting spent in this place.
 E = Time spent auto-exploring this place.
 F = Levels seen in this place.
 G = Mean time per level.
                   A        B        C        D        E       F      G
               +--------+--------+--------+--------+--------+-----+--------+
         Total |   4901 |   4765 |    136 |    341 |   3451 |   7 |  700.1 |
       Dungeon |   4527 |   4391 |    136 |    258 |   3279 |   6 |  754.5 |
       Ossuary |    374 |    374 |      0 |     83 |    172 |   1 |  374.0 |
               +--------+--------+--------+--------+--------+-----+--------+

Top non-repeatable levels by time:
     D:4: 871 daAuts
     D:2: 818 daAuts
     D:1: 793 daAuts
     D:5: 789 daAuts
     D:3: 673 daAuts
     D:6: 580 daAuts
 Ossuary: 374 daAuts
